woodfighter, chaotic female human Barbarian ----- #...<| --------- --- #|...| ....... .| #|...| ------------.....- ----- -.| #----- |%.*|...|%%|.....+ |(((| |.| ### |*%[|...|!%|.....| |(((| |.| # |@%[|...|..|.....| |...| |.| # | |.%[|...-|--.....-----|--+---.| -----------# |.-|---|---..............[......| |.........|# ..............{......{..).......| #.........)|# |.-|----.--....---|--...).......| ###|.........-# . |@..|...----.|...)|.-----|---.| # ----------- | |%.(|...| +.|....|.|..|....|.-## |Y((|...| |.|.._.|....|..(.|.| |.@(|...| |.|....|.|..|....|.| --------- -.------.---------.| . .. .| --- ---- --- woodfighter the Bandit Experience level: 8 Strength: 18 Dexterity: 18 Constitution: 17 Intelligence: 8 Wisdom: 8 Charisma: 6 Health: 0(77) Energy: 18(18) Def: 12 Gold: 0 Moves: 4010 Dungeon seed: gmZ3Emhmd25yE1eL Game ID: woodfighter_1444986329 Your Inventory: Weapons a - a +0 battle-axe (weapon in hands) b - a +0 short sword x - 10 +0 daggers Armor y - an uncursed +0 pair of iron shoes (being worn) Q - an uncursed +0 dwarvish mithril-coat (being worn) U - an uncursed +0 dwarvish cloak (being worn) V - an uncursed +3 orcish helm (being worn) Comestibles h - an uncursed fortune cookie i - an uncursed lembas wafer j - an uncursed lichen corpse E - an uncursed tin of violet fungus I - an uncursed tripe ration P - an uncursed clove of garlic R - an uncursed lizard corpse W - 2 uncursed food rations Wands c - a wand of striking (0:6) l - a wand of striking (0:6) p - a wand of cold (0:5) w - a wand of magic missile (0:7) N - a wand of cold (0:7) O - a wand of magic missile (0:6) Tools d - an uncursed blindfold n - an uncursed magic whistle s - an uncursed bag of holding H - a cursed magic lamp (lit) Contents of the bag of holding: 862 gold pieces 3 uncursed food rations an uncursed scroll of blank paper 2 uncursed scrolls of create monster an uncursed scroll of destroy armor 2 blessed scrolls of remove curse 2 uncursed scrolls of scare monster an uncursed scroll of teleportation an uncursed potion of blindness a blessed potion of booze a cursed potion of enlightenment a cursed potion of full healing an uncursed potion of oil a cursed potion of see invisible an uncursed potion of speed an uncursed potion of water a +0 pick-axe 3 uncursed worthless pieces of black glass an uncursed worthless piece of blue glass an uncursed worthless piece of green glass 2 uncursed worthless pieces of red glass an uncursed worthless piece of violet glass an uncursed worthless piece of white glass an uncursed worthless piece of yellowish brown glass Spells and supernatural/magical abilities: Name Level Category Fail Memory W - pray for help -- divine ? -- Your skills at the end: Miscellaneous Skills bare handed combat [Basic] Weapon Skills axe [Skilled] short sword [Basic] Spellcasting Skills Final Attributes: You were piously aligned. You were poison resistant. You were fast. You are dead. Vanquished creatures: a giant mimic a large mimic 3 small mimics a lizard a gnome king a dog a dwarf lord a rope golem 3 fire ants a baby crocodile a rock piercer a violet fungus 7 gnome lords a golden naga hatchling a gray ooze 2 elf zombies a paper golem 10 dwarves an iguana 11 hill orcs 9 killer bees a coyote a hobbit an acid blob 2 large kobolds 2 hobgoblins 24 gnomes 8 jackals a fox a kobold 4 newts a goblin a sewer rat 2 grid bugs 3 bats 3 lichens a kobold zombie 115 creatures vanquished. Voluntary challenges: You did not adorn yourself with jewelry or accessories. You had been an atheist until turn 2182. You used a wielded weapon 138 times, starting on turn 12. You did not apply a unicorn horn. You were illiterate. You never genocided any monsters. You never polymorphed an object. You never changed form. You used no wishes. You never split a pudding. You never wrote Elbereth's name. You never violated your personal moral code. Dungeon overview: The Dungeons of Doom: levels 1 to 5 Level 1 some fountains a long staircase Level 2 Level 3 Level 4 stairs to The Gnomish Mines Level 5 The Gnomish Mines: levels 5 to 8 Level 5 stairs to The Dungeons of Doom Level 6 Level 7 Level 8 <- You were here many shops, a temple to Set, a magic chest, some fountains History has recorded: On T:1 you entered the Dungeons of Doom to retrieve the Amulet of Yendor! On T:50 you reached level 2 of The Dungeons of Doom. On T:683 you reached level 3 of The Dungeons of Doom. On T:742 you advanced to experience level 2. On T:956 you reached level 4 of The Dungeons of Doom. On T:1290 you reached level 5 of The Dungeons of Doom. On T:1546 you advanced to experience level 3. On T:1582 you reached level 1 of The Gnomish Mines. On T:1699 you advanced to experience level 4. On T:1869 you advanced to experience level 5. On T:2190 you reached level 2 of The Gnomish Mines. On T:2394 you advanced to experience level 6. On T:2859 you reached level 3 of The Gnomish Mines. On T:3280 you advanced to experience level 7. On T:3301 you reached level 4 of The Gnomish Mines. On T:3524 you entered the Minetown temple On T:3987 you advanced to experience level 8. Score breakdown: Gold: 862 ( 86 points) Experience: 8 levels ( 700 points) Exploration: 8 levels ( 210 points) Discoveries: 7 items ( 350 points) Variety of kills: 37 monsters ( 1850 points) Major goal: reached Minetown ( 500 points) Survival: died (score multiplied by 3) Total score: 11088 Latest messages: You drop a cursed pair of iron shoes. You sold a cursed pair of iron shoes for 8 gold pieces. You drop an uncursed +0 pair of iron shoes. You sold an uncursed +0 pair of iron shoes for 8 gold pieces. Your movements are now unencumbered. You sold an uncursed +0 dwarvish iron helm for 10 gold pieces. You drop an uncursed +0 dwarvish iron helm. You sold an uncursed +0 dwarvish iron helm for 10 gold pieces. You drop an uncursed +0 dwarvish iron helm. You sold an uncursed +0 dwarvish iron helm for 10 gold pieces. You cannot drop something you are wearing. You drop a cursed dwarvish iron helm. You sold a cursed dwarvish iron helm for 10 gold pieces. You drop an uncursed +0 pair of iron shoes. You sold an uncursed +0 pair of iron shoes for 8 gold pieces. You swing your battle-axe in a wide arc. You smite the owlbear! The owlbear hits! (2x) You die... Thusenna comes and takes all your possessions. Zambo looks at your corpse, shakes his head, and sighs. Final status: Goodbye woodfighter the Barbarian, killed by an owlbear... You died in The Gnomish Mines on dungeon level 8 with 11088 points, and 862 pieces of gold, after 4010 moves. You were level 8 with a maximum of 77 hit points when you died.